 Dungeon Crawl Stone Soup version 0.21.0-37-g46506fa (webtiles) character file.

1287 tidbits the Digger (level 8, 58/58 HPs)
             Began as a Gnoll Earth Elementalist on Jan 31, 2018.
             Quit the game on level 5 of the Dungeon.
             The game lasted 00:17:26 (1347 turns).

tidbits the Digger (Gnoll Earth Elementalist)       Turns: 1347, Time: 00:17:27

Health: 58/58      AC:  2    Str: 11    XL:     8   Next: 55%
Magic:  2/17       EV: 15    Int: 20    God:
Gold:   109        SH:  0    Dex: 15    Spells: 4/19 levels left

rFire    . . .     SeeInvis .   b - +3 dire flail (crush)
rCold    . . .     Gourm    .   (shield currently unavailable)
rNeg     . . .     Faith    .   c - +0 robe
rPois    .         Spirit   .   (no helmet)
rElec    .         Reflect  .   (no cloak)
rCorr    .         Harm     .   (no gloves)
MR       .....                  (no boots)
Stlth    ++........             (no amulet)
HPRegen  0.19/turn              W - ring of wizardry
MPRegen  0.15/turn              v - ring of loudness (curse)

@: no status effects
A: distributed training, fangs 1, strong nose
a: no special abilities


You were on level 5 of the Dungeon.
You were full.

You visited 2 branches of the dungeon, and saw 8 of its levels.

You collected 109 gold pieces.

Inventory:

Hand Weapons
 b - a +3 dire flail of crushing (weapon)
   (You took it off Edmund on level 4 of the Dungeon)
 d - a +0 dagger
 i - a +0 short sword
 o - a +3 hunting sling
 q - a +0 war axe
Missiles
 f - 27 stones (quivered)
 l - 20 arrows
Armour
 c - a +0 robe (worn)
 h - a cursed +0 buckler
Jewellery
 v - a cursed ring of loudness (right hand)
   (You found it on level 7 of the Dungeon)
 U - a +1 ring of protection
   (You found it on level 6 of the Dungeon)
 W - a ring of wizardry (left hand)
   (You found it on level 5 of the Dungeon)
Wands
 g - a wand of iceblast (3)
Scrolls
 k - 5 scrolls of remove curse
 m - a scroll of fog
 r - a scroll of fear
 w - 3 scrolls of teleportation
Potions
 j - 3 potions of curing
 n - a potion of flight
 p - a potion of might
 s - a potion of haste {unknown}
 u - a potion of lignification {unknown}
 x - 2 potions of cancellation {unknown}
Books
 e - a book of Geomancy

   Spells                             Type                      Level
   a - Sandblast                      Earth                        1
   b - Passwall                       Transmutation/Earth          2
   c - Stone Arrow                    Conjuration/Earth            3
   d - Petrify                        Transmutation/Earth          4
   e - Lee's Rapid Deconstruction     Earth                        5
 t - a book of Air
   (You found it on level 7 of the Dungeon)

   Spells                             Type                      Level
   a - Shock                          Conjuration/Air              1
   b - Swiftness                      Charms/Air                   2
   c - Static Discharge               Conjuration/Air              3
   d - Airstrike                      Air                          4
   e - Lightning Bolt                 Conjuration/Air              5
Comestibles
 a - 4 rations


   Skills:
 + Level 3.3 Fighting
 + Level 3.3 Short Blades
 + Level 3.3 Long Blades
 + Level 3.3 Axes
 + Level 3.3 Maces & Flails
 + Level 3.3 Polearms
 + Level 3.3 Staves
 + Level 3.3 Slings
 + Level 3.3 Bows
 + Level 3.3 Crossbows
 + Level 3.3 Throwing
 + Level 3.3 Armour
 + Level 5.7 Dodging
 + Level 5.4 Stealth
 + Level 3.3 Shields
 + Level 3.3 Unarmed Combat
 + Level 6.0 Spellcasting
 + Level 2.7 Conjurations
 + Level 2.7 Hexes
 + Level 2.7 Charms
 + Level 2.7 Summonings
 + Level 2.7 Necromancy
 + Level 2.7 Translocations
 + Level 3.5 Transmutations
 + Level 2.7 Fire Magic
 + Level 2.7 Ice Magic
 + Level 2.7 Air Magic
 + Level 6.1 Earth Magic
 + Level 2.7 Poison Magic
 + Level 3.6 Invocations
 + Level 3.3 Evocations


You had 4 spell levels left.
You knew the following spells:

 Your Spells              Type           Power        Failure   Level  Hunger
a - Sandblast             Erth           ####..       1%          1    None
e - Petrify               Tmut/Erth      ####....     6%          4    ####...
j - Stone Arrow           Conj/Erth      ###...       1%          3    ##.....
p - Passwall              Tmut/Erth      ####......   1%          2    None
D - Lee's Rapid Deconstr  Erth           ####......   9%          5    #####..


Dungeon Overview and Level Annotations

Branches:
Dungeon (7/15)             Temple (1/1) D:7

Altars:
Dithmenos
Elyvilon
Fedhas
Gozag
Hepliaklqana
Kikubaaqudgha
Makhleb
Nemelex Xobeh
Qazlal
Ru
Sif Muna
Trog
Vehumet
Wu Jian
Xom
Yredelemnul
Zin
The Shining One


Innate Abilities, Weirdness & Mutations

Your experience applies equally to all skills.
You have very sharp teeth.
Your uncanny sense of smell can sniff out nearby items.


Message History

You finish merging with the rock.
Found 3 scrolls of teleportation.
Unknown command.
w - 3 scrolls of teleportation
Found 2 viscous black potions.
Found a ration.
Found 11 gold pieces.
Found a stone staircase leading up.
You see here 2 viscous black potions.
x - 2 viscous black potions
Found 17 arrows.
You see here 11 gold pieces.
You now have 109 gold pieces (gained 11).
There is a stone staircase leading up here.
You climb upwards.
An orc comes into view. It is wielding a dagger.
There is a stone staircase leading down here.
Unknown command.
An orc comes into view.
An orc wizard comes into view. It is wielding a dagger.
Found a ration.
The helpless orc fails to defend itself.
You puncture the orc!
You kill the orc!
The orc wizard shouts!
The orc shouts!
An orc comes into view. It is wielding a dagger.
Casting: Passwall
Confirm with . or Enter, or press ? or * to list all spells.
Aiming: Sandblast
Press: ? - help, Shift-Dir - straight line, f - orc wizard
Aim: an orc wizard, wielding a dagger and wearing a robe The blast of sand hits the orc wizard.
You kill the orc wizard!
f - 31 stones The orc shouts!
Casting: Sandblast
Confirm with . or Enter, or press ? or * to list all spells.
Aiming: Sandblast
Press: ? - help, Shift-Dir - straight line, f - orc
Aim: an orc The blast of sand hits the orc.
You kill the orc!
f - 30 stones
Casting: Sandblast
Confirm with . or Enter, or press ? or * to list all spells.
Aiming: Sandblast
Press: ? - help, Shift-Dir - straight line, f - orc
Aim: an orc, wielding a dagger The blast of sand hits the orc.
You kill the orc!
f - 29 stones
Things that are here:
a dagger; a chain mail; an orc corpse
Casting: Sandblast
Confirm with . or Enter, or press ? or * to list all spells.
Which direction?
You begin to meditate on the wall.
You continue meditating on the rock. x2
You finish merging with the rock.
Found a scroll labeled RABLOI RAAMNALL.
A centaur skeleton comes into view.
Casting: Passwall
Confirm with . or Enter, or press ? or * to list all spells.
Aiming: Sandblast
Press: ? - help, Shift-Dir - straight line, f - centaur skeleton
Aim: a centaur skeleton (hasn't noticed you)
The blast of sand hits the centaur skeleton.
The centaur skeleton is almost destroyed.
f - 28 stones
Casting: Sandblast
Confirm with . or Enter, or press ? or * to list all spells.
Aiming: Sandblast
Press: ? - help, Shift-Dir - straight line, f/p - centaur skeleton
Aim: a centaur skeleton (almost destroyed)
The blast of sand hits the centaur skeleton.
You destroy the centaur skeleton!
f - 27 stones
y - a scroll labeled RABLOI RAAMNALL
As you read the scroll labeled RABLOI RAAMNALL, it crumbles to dust.
It is a scroll of enchant weapon.
Your +2 dire flail of crushing glows red for a moment.
Things that are here:
a dagger; an orc corpse You see here a ration.
a - 4 rations (gained 1)
You open the door.
There is an open door here.
You open the door.
Found a rapier.
There is an open door here.
You see here a rapier.
Found a ration.
You see here a ration.
You eat the ration.
That ration really hit the spot!
Casting: Sandblast
Confirm with . or Enter, or press ? or * to list all spells.
Which direction?
You begin to meditate on the wall.
You continue meditating on the rock. x3
You finish merging with the rock.
Found a spear.
Are you sure you want to abandon this character and quit the game? (Confirm with "yes".)

...........'................#
#.........###...)###.#......
#.......## #...).)#.# ####
##.....## #..###.#.# ##...##
#..###.#.# ##'## #........#
###.###)#######....>...#
..............######.###
###.###.#####@# #.# ##...##
#)# #.# #.....# #.# #.#
##...## #.# #.# ## ##.## #..
..# ##. #.# ### ## #.. #.#
... #.# ..$ #. ...


There were no monsters in sight!

Vanquished Creatures
  Edmund (D:4)
  Menkaure (D:6)
  A sky beast (D:5)
  2 ogres
  A phantom (D:4)
  A bullfrog (D:5)
  2 scorpions
  A howler monkey (D:5)
  A bullfrog zombie (D:7)
  A quasit (D:5)
  2 centaur skeletons
  A hound (D:4)
  3 orc wizards
  A bullfrog skeleton (D:4)
  2 jellies (D:5)
  Jessica (D:3)
  Ijyb (D:3)
  2 worker ants
  A worker ant zombie (D:4)
  3 adders
  3 oozes
  A worm (D:2)
  4 leopard geckos
  10 orcs
  A bat (D:2)
  A giant cockroach (D:5)
  6 goblins
  2 hobgoblins
  A jackal (D:5)
  2 kobolds (D:2)
  2 frilled lizards
  A quokka skeleton (D:6)
  A rat (D:2)
64 creatures vanquished.

Notes
Turn   | Place    | Note
-------+----------+-------------------------------------------
     0 | D:1      | tidbits the Gnoll Earth Elementalist began the quest for the Orb.
     0 | D:1      | Reached XP level 1. HP: 13/13 MP: 6/6
   153 | D:1      | Reached skill level 2 in Transmutations
   169 | D:1      | Reached XP level 2. HP: 18/19 MP: 5/7
   173 | D:1      | Learned a level 2 spell: Passwall
   354 | D:2      | Found a blossoming altar of Fedhas.
   394 | D:2      | Reached XP level 3. HP: 6/25 MP: 1/9
   418 | D:2      | Reached skill level 5 in Spellcasting
   470 | D:3      | Noticed Ijyb
   487 | D:3      | Killed Ijyb
   487 | D:3      | Reached skill level 1 in Fighting
   487 | D:3      | Reached skill level 1 in Short Blades
   487 | D:3      | Reached skill level 1 in Long Blades
   487 | D:3      | Reached skill level 1 in Axes
   487 | D:3      | Reached skill level 1 in Maces & Flails
   487 | D:3      | Reached skill level 1 in Polearms
   487 | D:3      | Reached skill level 1 in Staves
   487 | D:3      | Reached skill level 1 in Slings
   487 | D:3      | Reached skill level 1 in Bows
   487 | D:3      | Reached skill level 1 in Crossbows
   487 | D:3      | Reached skill level 1 in Throwing
   487 | D:3      | Reached skill level 1 in Armour
   487 | D:3      | Reached skill level 1 in Shields
   487 | D:3      | Reached skill level 1 in Unarmed Combat
   487 | D:3      | Reached skill level 1 in Invocations
   487 | D:3      | Reached skill level 1 in Evocations
   493 | D:3      | Reached XP level 4. HP: 8/32 MP: 1/11
   522 | D:4      | Noticed Edmund
   535 | D:4      | Killed Edmund
   535 | D:4      | Reached skill level 1 in Conjurations
   535 | D:4      | Reached skill level 1 in Hexes
   535 | D:4      | Reached skill level 1 in Charms
   535 | D:4      | Reached skill level 1 in Summonings
   535 | D:4      | Reached skill level 1 in Necromancy
   535 | D:4      | Reached skill level 1 in Translocations
   535 | D:4      | Reached skill level 1 in Fire Magic
   535 | D:4      | Reached skill level 1 in Ice Magic
   535 | D:4      | Reached skill level 1 in Air Magic
   535 | D:4      | Reached skill level 1 in Poison Magic
   535 | D:4      | Reached XP level 5. HP: 14/37 MP: 5/12
   550 | D:4      | Found an opulent altar of Gozag.
   588 | D:4      | Reached skill level 2 in Invocations
   588 | D:4      | Reached XP level 6. HP: 24/44 MP: 9/13
   595 | D:4      | Learned a level 3 spell: Stone Arrow
   600 | D:4      | Learned a level 4 spell: Petrify
   602 | D:4      | Noticed a phantom
   606 | D:4      | Killed a phantom
   606 | D:4      | Reached skill level 2 in Fighting
   606 | D:4      | Reached skill level 2 in Short Blades
   606 | D:4      | Reached skill level 2 in Long Blades
   606 | D:4      | Reached skill level 2 in Axes
   606 | D:4      | Reached skill level 2 in Maces & Flails
   606 | D:4      | Reached skill level 2 in Polearms
   606 | D:4      | Reached skill level 2 in Staves
   606 | D:4      | Reached skill level 2 in Slings
   606 | D:4      | Reached skill level 2 in Bows
   606 | D:4      | Reached skill level 2 in Crossbows
   606 | D:4      | Reached skill level 2 in Throwing
   606 | D:4      | Reached skill level 2 in Armour
   606 | D:4      | Reached skill level 5 in Dodging
   606 | D:4      | Reached skill level 2 in Shields
   606 | D:4      | Reached skill level 2 in Unarmed Combat
   606 | D:4      | Reached skill level 2 in Evocations
   709 | D:3      | Found a basalt altar of Yredelemnul.
   709 | D:3      | Found a shadowy altar of Dithmenos.
   709 | D:3      | Found a glowing silver altar of Zin.
   709 | D:3      | Found a glowing golden altar of the Shining One.
   709 | D:3      | Noticed Jessica
   712 | D:3      | Found an ancient bone altar of Kikubaaqudgha.
   731 | D:3      | Killed Jessica
   731 | D:3      | Reached XP level 7. HP: 44/50 MP: 2/15
   791 | D:5      | Entered Level 5 of the Dungeon
   856 | D:5      | Reached skill level 2 in Conjurations
   856 | D:5      | Reached skill level 2 in Hexes
   856 | D:5      | Reached skill level 2 in Charms
   856 | D:5      | Reached skill level 2 in Summonings
   856 | D:5      | Reached skill level 2 in Necromancy
   856 | D:5      | Reached skill level 2 in Translocations
   856 | D:5      | Reached skill level 3 in Transmutations
   856 | D:5      | Reached skill level 2 in Fire Magic
   856 | D:5      | Reached skill level 2 in Ice Magic
   856 | D:5      | Reached skill level 2 in Air Magic
   856 | D:5      | Reached skill level 2 in Poison Magic
   871 | D:5      | Learned a level 5 spell: Lee's Rapid Deconstruction
   923 | D:5      | Reached skill level 5 in Stealth
   927 | D:5      | Found a shimmering altar of Xom.
   998 | D:5      | Reached skill level 3 in Invocations
  1034 | D:5      | Reached XP level 8. HP: 38/57 MP: 8/16
  1040 | D:5      | Reached skill level 6 in Earth Magic
  1056 | D:6      | Reached skill level 3 in Fighting
  1056 | D:6      | Reached skill level 3 in Short Blades
  1056 | D:6      | Reached skill level 3 in Long Blades
  1056 | D:6      | Reached skill level 3 in Axes
  1056 | D:6      | Reached skill level 3 in Maces & Flails
  1056 | D:6      | Reached skill level 3 in Polearms
  1056 | D:6      | Reached skill level 3 in Staves
  1056 | D:6      | Reached skill level 3 in Slings
  1056 | D:6      | Reached skill level 3 in Bows
  1056 | D:6      | Reached skill level 3 in Crossbows
  1056 | D:6      | Reached skill level 3 in Throwing
  1056 | D:6      | Reached skill level 3 in Armour
  1056 | D:6      | Reached skill level 3 in Shields
  1056 | D:6      | Reached skill level 3 in Unarmed Combat
  1056 | D:6      | Reached skill level 3 in Evocations
  1123 | D:7      | Found a bloodstained altar of Trog.
  1147 | D:7      | Found a staircase to the Ecumenical Temple.
  1153 | Temple   | Entered the Ecumenical Temple
  1256 | D:6      | Noticed Menkaure
  1258 | D:6      | Killed Menkaure
  1258 | D:6      | Reached skill level 6 in Spellcasting
  1347 | D:5      | Quit the game

Skill      XL: |  1  2  3  4  5  6  7  8 |
---------------+-------------------------+-----
Transmutations | 2 3 |  3.5
Spellcasting   | 5 6 |  6.0
Fighting       | 1 2 3 |  3.3
Short Blades   | 1 2 3 |  3.3
Long Blades    | 1 2 3 |  3.3
Axes           | 1 2 3 |  3.3
Maces & Flails | 1 2 3 |  3.3
Polearms       | 1 2 3 |  3.3
Staves         | 1 2 3 |  3.3
Slings         | 1 2 3 |  3.3
Bows           | 1 2 3 |  3.3
Crossbows      | 1 2 3 |  3.3
Throwing       | 1 2 3 |  3.3
Armour         | 1 2 3 |  3.3
Shields        | 1 2 3 |  3.3
Unarmed Combat | 1 2 3 |  3.3
Invocations    | 1 2 3 |  3.6
Evocations     | 1 2 3 |  3.3
Conjurations   | 1 2 |  2.7
Hexes          | 1 2 |  2.7
Charms         | 1 2 |  2.7
Summonings     | 1 2 |  2.7
Necromancy     | 1 2 |  2.7
Translocations | 1 2 |  2.7
Fire Magic     | 1 2 |  2.7
Ice Magic      | 1 2 |  2.7
Air Magic      | 1 2 |  2.7
Poison Magic   | 1 2 |  2.7
Dodging        | 5 |  5.7
Stealth        | 5 |  5.4
Earth Magic    | 6 |  6.1

Action                   |  1- 3 |  4- 6 |  7- 9 || total
-------------------------+-------+-------+-------++-------
Melee: Dagger            |    14 |    10 |     6 ||    30
       Short sword       |    12 |       |       ||    12
       Bite              |     2 |     1 |     1 ||     4
       Dire flail        |       |       |    22 ||    22
 Cast: Sandblast         |    24 |    19 |    43 ||    86
       Passwall          |     6 |     6 |    13 ||    25
       Stone Arrow       |       |       |     1 ||     1
       Lee's Rapid Decon |       |       |     2 ||     2
       Petrify           |       |       |     1 ||     1
Evoke: Wand              |       |     3 |       ||     3
  Use: Potion            |     2 |     3 |       ||     5
       Scroll            |     5 |       |     5 ||    10
 Stab: Sleeping          |     2 |     1 |     7 ||    10
       Invisible         |     1 |     1 |       ||     2
       Petrified         |       |       |     2 ||     2
  Eat: Ration            |       |       |     2 ||     2
Armor: Robe              |     2 |       |    12 ||    14
Dodge: Dodged            |    20 |     4 |    41 ||    65

Table legend:
 A = Turns spent in this place as a percentage of turns spent in the entire game.
 B = Non-inter-level travel turns spent in this place as a percentage of non-inter-level travel turns spent in the entire game.
 C = Inter-level travel turns spent in this place as a percentage of turns spent in this place.
 D = Turns resting spent in this place as a percentage of non-inter-level travel turns spent in this place.
 E = Turns spent auto-exploring this place as a percentage of non-inter-level travel turns spent in this place.
 F = Non-inter-level travel turns spent in this place divided by the number of levels of this place that you've seen.
                   A       B       C       D       E      F
               +-------+-------+-------+-------+-------+----------------------
         Total | 100.0 | 100.0 |   0.0 |   0.0 |   0.0 | 168.4
       Dungeon |  97.8 |  97.8 |   0.0 |   0.0 |   0.0 | 188.3
        Temple |   2.2 |   2.2 |   0.0 |   0.0 |   0.0 |  29.0
               +-------+-------+-------+-------+-------+----------------------

Table legend:
 A = Kills in this place as a percentage of kills in entire the game.
 B = Kills by you in this place as a percentage of kills by you in the entire game.
 C = Kills by friends in this place as a percentage of kills by friends in the entire game.
 D = Other kills in this place as a percentage of other kills in the entire game.
 E = Experience gained in this place as a percentage of experience gained in the entire game.
 F = Experience gained in this place divided by the number of levels of this place that you have seen.
                   A       B       C       D       E      F
               +-------+-------+-------+-------+-------+----------------------
         Total | 100.0 | 100.0 |   N/A |   N/A | 100.0 | 229.9
       Dungeon | 100.0 | 100.0 |   N/A |   N/A | 100.0 | 262.7
               +-------+-------+-------+-------+-------+----------------------

Vault maps used:
D:1:      elethiomel_arrival_infinity_welcomes_careful_drivers
D:2:      lemuel_doored_altar, serial_park_tiny_pond,
          kennysheep_decorative_pillar
D:3:      nicolae_overflow_hidden_temple, okawaru_gym_becter, minmay_checkerbox,
          uniq_robin, uniq_ijyb, uniq_crazy_yiuf_cottage, uniq_jessica,
          uniq_grinder
D:4:      first_ration, grunt_gozag_breadcrumbs, uniq_edmund
D:5:      kennysheep_six_static_rooms, dk_xom_monty_hall
D:6:      minmay_misc_feat_room, uniq_menkaure
D:7:      lemuel_crystal_altar, minmay_temple_entry_butterflies, basic_altar
Temple:   jpeg_temple_island
